 Dungeon Crawl Stone Soup version 0.25-a0-663-gace7076f2c (console) character file.

Game seed: 8157174724989509033, levelgen mode: classic

1394 Duffy the Blocker (level 9, -2/65 HPs)
             Began as a Formicid Fighter on Mar 24, 2020.
             Slain by Prince Ribbit (14 damage)
             ... on level 6 of the Dungeon.
             The game lasted 00:05:39 (6167 turns).

Duffy the Blocker (Formicid Fighter)                Turns: 6167, Time: 00:05:40

Health: -2/65      AC:  5    Str: 21      XL:     9   Next: 0%
Magic:  12/12      EV: 11    Int: 11      God:
Gold:   163        SH: 11    Dex:  6 (10) Spells: 8/8 levels left

rFire    . . .     SeeInvis +   a - +0 war axe
rCold    . . .     Gourm    .   c - +0 kite shield
rNeg     + . .     Faith    +   r - +2 leather armour {rN+}
rPois    +         Spirit   .   (helmet unavailable)
rElec    .         Reflect  .   (no cloak)
rCorr    .         Harm     .   (no gloves)
MR       .....                  (no boots)
Stlth    +.........             g - amulet of faith
HPRegen  0.20/turn              j - ring of poison resistance
MPRegen  0.13/turn              (no ring)

@: no status effects
A: permanent stasis, dig shafts and tunnels, four strong arms, antennae 3
a: Dig, Shaft Self


You were on level 6 of the Dungeon.
You were very hungry.

You visited 1 branch of the dungeon, and saw 6 of its levels.

You collected 163 gold pieces.

Inventory:

Hand Weapons
 a - a +0 war axe (weapon)
Armour
 b - a +0 scale mail
 c - a +0 kite shield (worn)
 r - a +2 leather armour of positive energy (worn)
 t - a +2 leather armour of fire resistance
Jewellery
 g - an amulet of faith (around neck)
 j - a ring of poison resistance (left hand)
Wands
 n - a wand of acid (8)
 u - a wand of iceblast (7)
Scrolls
 h - 5 scrolls of random uselessness {unknown}
 i - 2 scrolls of noise {unknown}
 k - 3 scrolls of remove curse {unknown}
 l - 2 scrolls of identify {unknown}
 m - a scroll of fog {unknown}
 o - a scroll of teleportation {unknown}
 p - a scroll of enchant armour {unknown}
Potions
 d - 3 potions of might
 e - a potion of resistance {unknown}
 q - 3 potions of curing
 s - 2 potions of degeneration {unknown}
Comestibles
 f - 9 rations


   Skills:
 + Level 3.9 Fighting
 + Level 5.7 Axes
 - Level 3.2 Armour
 - Level 9.3 Shields
 - Level 5.0 Evocations


You had 8 spell levels left.
You didn't know any spells.
Your spell library was empty.

Dungeon Overview and Level Annotations

Branches:
Dungeon (6/15)
 Temple: D:4-7

Altars:
Gozag
Kikubaaqudgha
Trog
Zin

Shops:
D:5 (

Annotations:
D:6 Prince Ribbit


Innate Abilities, Weirdness & Mutations

You cannot be hasted, slowed, berserked, paralysed or teleported.
You can dig through walls and to a lower floor.
Your four strong arms can wield two-handed weapons with a shield.
You have a pair of large antennae on your head. (SInv)


Message History

You are too injured to fight recklessly!
You are too injured to fight recklessly!
You are too injured to fight recklessly!
You are too injured to fight recklessly!
You are too injured to fight recklessly!
You are too injured to fight recklessly!
You are too injured to fight recklessly!
You are too injured to fight recklessly!
You are too injured to fight recklessly!
You are too injured to fight recklessly!
You are too injured to fight recklessly!
You are too injured to fight recklessly!
You are too injured to fight recklessly!
You are too injured to fight recklessly!
You are too injured to fight recklessly!
You are too injured to fight recklessly!
You are too injured to fight recklessly!
You extend your mandibles.
You dig through the rock wall.
Prince Ribbit hits you!
You die...

##....... ...
....... ....
#..... ......
....# .......
##...##.).....
#....#...)....
#.............
#5F#........... ..
#@##...........
...
####.......(..#
...
#...>.......##...
#...#.#..........
##..####..........
#.[.####..........
##................
##.....##...<....
#####[..........


You could see Prince Ribbit and a quasit.

Vanquished Creatures
  Grinder (D:4)
  A phantom (D:3)
  4 ogres
  2 bullfrogs
  A scorpion (D:5)
  A crimson imp (D:5)
  4 hounds
  A bullfrog skeleton (D:5)
  2 orc priests (D:3)
  An orc wizard (D:4)
  4 worker ants
  Ijyb (D:4)
  A hound skeleton (D:4)
  9 adders
  A shadow imp (D:5)
  3 oozes
  3 worms
  6 dart slugs
  10 orcs
  3 bats
  6 giant cockroaches
  5 goblins
  2 hobgoblins (D:2)
  12 jackals
  11 kobolds
  2 quokkas
  2 ball pythons
  5 frilled lizards
  2 rats
106 creatures vanquished.

Vanquished Creatures (others)
  A goblin (D:1)
1 creature vanquished.

Grand Total: 107 creatures vanquished

Notes
Turn   | Place    | Note
-------+----------+-------------------------------------------
     0 | D:1      | Duffy the Formicid Fighter began the quest for the Orb.
     0 | D:1      | Reached XP level 1. HP: 18/18 MP: 1/1
   127 | D:1      | Reached skill level 4 in Shields
   132 | D:1      | Reached XP level 2. HP: 24/24 MP: 2/2
   227 | D:1      | Reached XP level 3. HP: 29/29 MP: 3/3
   921 | D:2      | Reached skill level 5 in Shields
  1123 | D:2      | Reached XP level 4. HP: 29/35 MP: 4/4
  1723 | D:3      | Found a faded altar of an unknown god.
  1987 | D:3      | Reached XP level 5. HP: 4/41 MP: 5/5
  2331 | D:3      | Reached skill level 6 in Shields
  2331 | D:3      | Reached skill level 1 in Evocations
  2787 | D:3      | Found a bloodstained altar of Trog.
  2850 | D:3      | Found an ancient bone altar of Kikubaaqudgha.
  2956 | D:3      | Reached XP level 6. HP: 45/47 MP: 7/7
  3035 | D:3      | Found a glowing silver altar of Zin.
  3377 | D:4      | Noticed a phantom
  3415 | D:3      | Killed a phantom
  3568 | D:4      | Noticed an ogre
  3591 | D:4      | Killed an ogre
  3591 | D:4      | Reached skill level 7 in Shields
  3591 | D:4      | Reached XP level 7. HP: 16/52 MP: 8/8
  3955 | D:4      | Reached skill level 8 in Shields
  4012 | D:4      | Noticed Grinder
  4046 | D:4      | HP: 1/52 [Grinder (8)]
  4053 | D:4      | You fall into a shaft and drop 1 floor!
  4053 | D:5      | Entered Level 5 of the Dungeon
  4454 | D:5      | Reached XP level 8. HP: 58/58 MP: 10/10
  4693 | D:4      | Noticed Ijyb
  4703 | D:4      | Killed Ijyb
  4881 | D:4      | Reached skill level 5 in Axes
  4890 | D:4      | Killed Grinder
  4890 | D:4      | Reached skill level 9 in Shields
  5526 | D:5      | Reached skill level 5 in Evocations
  5543 | D:5      | Reached XP level 9. HP: 29/65 MP: 12/12
  5760 | D:5      | Found an opulent altar of Gozag.
  5975 | D:5      | Found Ytsuhu's Antique Weapon Emporium.
  6153 | D:6      | Noticed Prince Ribbit
  6167 | D:6      | Slain by Prince Ribbit

Levels and vault maps discovered:
D:1:      minmay_arrival_widening_spiral_wide, layout_rooms
D:2:      layout_rooms
D:3:      layout_loops_ring, lemuel_coloured_pillars_altar,
          nicolae_overflow_crystal_walls, lemuel_round_altar,
          chequers_ecumenical_altar_simple, hangedman_decor_growths,
          grunt_ministairs_13
D:4:      layout_loops_ring, kennysheep_nondescript, uniq_grinder, uniq_ijyb
D:5:      layout_basic, kennysheep_little_box, serial_shops, shop, first_ration
D:6:      layout_cave_pools, lemuel_round_altar,
          minmay_temple_entry_antechambers, uniq_prince_ribbit1

Skill      XL: |  1  2  3  4  5  6  7  8 |
---------------+-------------------------+-----
Shields        | 4 5 6 7 8 9 |  9.3
Axes           | 3 4 5 |  5.7
Evocations     | 1 2 3 5 |  5.0
Fighting       | |  3.9
Armour         | |  3.2

Action                   |  1- 3 |  4- 6 |  7- 9 || total
-------------------------+-------+-------+-------++-------
Melee: War axe           |    91 |   165 |   187 ||   443
 Abil: Dig               |     1 |     3 |     8 ||    12
       Shaft Self        |       |       |     1 ||     1
Evoke: Wand              |       |     1 |     4 ||     5
  Eat: Chunk             |     1 |     8 |     9 ||    18
Armor: Scale mail        |    45 |    42 |       ||    87
       Leather armour    |       |    16 |    52 ||    68
Dodge: Dodged            |    32 |    52 |    92 ||   176
Block: Kite shield       |    56 |    85 |   110 ||   251

Table legend:
 A = Non-vault XP
 B = Vault XP
 C = Vault XP percentage of total XP
 D = Non-vault monster count
 E = Vault monster count
 F = Vault count percentage of total count
                 A         B        C        D         E       F
            +---------+---------+-------+---------+---------+-------
      Total |    1679 |     313 |  15.7 |     102 |       4 |   3.8
            +---------+---------+-------+---------+---------+-------
        D:1 |      33 |       0 |   0.0 |      12 |       0 |   0.0
        D:2 |      87 |       0 |   0.0 |      27 |       0 |   0.0
        D:3 |     283 |       8 |   2.7 |      26 |       2 |   7.1
        D:4 |     756 |     305 |  28.7 |      21 |       2 |   8.7
        D:5 |     516 |       0 |   0.0 |      14 |       0 |   0.0
        D:6 |       4 |       0 |   0.0 |       2 |       0 |   0.0
            +---------+---------+-------+---------+---------+-------
